 Dungeon Crawl Stone Soup version 0.28-a0-247-gb8bfbab023 (webtiles) character file.

Game seed: 14855219211729770905

2669 rabbitsville the Fighter (level 9, -10/81 HPs)
             Began as a Gnoll Wanderer on Aug 25, 2021.
             Was an Initiate of Wu Jian.
             Mangled by Harold (12 damage)
             ... on level 7 of the Dungeon.
             The game lasted 00:49:57 (6945 turns).

rabbitsville the Fighter (Gnoll Wanderer)           Turns: 6945, Time: 00:50:00

Health: -10/81     AC: 12    Str: 11    XL:     9   Next: 63%
Magic:  5/5        EV: 10    Int: 21    God:    Wu Jian [......]
Gold:   338        SH:  5    Dex: 12    Spells: 16/16 levels left

rFire   + . .      SeeInvis .   c - +1 war axe (antimagic)
rCold   . . .      Faith    .   o - +0 buckler
rNeg    . . .      Spirit   .   D - +2 scale mail
rPois   +          Reflect  .   x - +0 helmet
rElec   .          Harm     .   (no cloak)
rCorr   .          Rampage  .   A - +0 pair of gloves "Lifa" {rF+}
Will    .....                   (no boots)
Stlth   ++........              (no amulet)
HPRegen 0.23/turn               m - ring of poison resistance
MPRegen 0.09/turn               E - +6 ring of intelligence

@: no status effects
A: fangs 1, strong nose, distributed training
a: Renounce Religion


You were on level 7 of the Dungeon.
You worshipped Wu Jian.
Wu Jian was noncommittal.
You visited 2 branches of the dungeon, and saw 8 of its levels.

You collected 476 gold pieces.
You spent 74 gold pieces at shops.
You donated 64 gold pieces to Zin.

Inventory:

Hand Weapons
 a - a +0 hand crossbow
 b - a +4 short sword of venom
 c - a +1 antimagic war axe (weapon)
Missiles
 d - 37 bolts
 f - 6 javelins (quivered)
Armour
 k - a +1 pair of gloves
 o - a +0 buckler (worn)
 x - a +0 helmet (worn)
 A - the +0 pair of gloves "Lifa" (worn) {rF+}
   (You found it on level 5 of the Dungeon)

   rF:        It protects you from fire.
 D - a +2 scale mail (worn)
Jewellery
 m - a ring of poison resistance (left hand)
 E - a +6 ring of intelligence (right hand)
 H - an amulet of guardian spirit
Wands
 s - a wand of flame (17)
Scrolls
 j - a scroll of summoning {unknown}
 l - 2 scrolls of magic mapping
 n - 6 scrolls of teleportation
 p - 2 scrolls of fog
 q - 2 scrolls of immolation
 r - a scroll of noise {unknown}
 t - 2 scrolls of blinking
 u - a scroll of vulnerability {unknown}
 v - a scroll of torment {unknown}
 y - 2 scrolls of identify
 F - a scroll of fear {unknown}
 G - a scroll of enchant armour {unknown}
Potions
 e - a potion of degeneration {unknown}
 g - 2 potions of heal wounds
 h - a potion of berserk rage {unknown}
 i - 5 potions of curing
 w - 3 potions of attraction
 z - a potion of magic {unknown}
 B - a potion of cancellation {unknown}
 C - 2 potions of flight


   Skills:
 + Level 11.2 Fighting
 + Level 4.4 Short Blades
 + Level 4.4 Long Blades
 + Level 4.4 Axes
 + Level 4.4 Maces & Flails
 + Level 4.4 Polearms
 + Level 4.4 Staves
 + Level 4.4 Slings
 + Level 4.4 Bows
 + Level 5.2 Crossbows
 + Level 4.4 Throwing
 + Level 6.4 Armour
 + Level 4.4 Dodging
 + Level 6.2 Stealth
 + Level 4.4 Shields
 + Level 4.4 Unarmed Combat
 + Level 4.4 Spellcasting
 + Level 3.6 Conjurations
 + Level 3.6 Hexes
 + Level 3.6 Summonings
 + Level 3.6 Necromancy
 + Level 3.6 Translocations
 + Level 3.6 Transmutations
 + Level 3.6 Fire Magic
 + Level 3.6 Ice Magic
 + Level 3.6 Air Magic
 + Level 3.6 Earth Magic
 + Level 3.6 Poison Magic
 + Level 4.9 Invocations
 + Level 4.4 Evocations


You had 16 spell levels left.
You didn't know any spells.
Your spell library contained the following spells:

 Spells                   Type           Power      Damage    Failure   Level
 Foxfire                  Conj/Fire      80%        2x1d8     12%         1
 Conjure Flame            Conj/Fire      20%        6-21      36%         3
 Inner Flame              Hex/Fire       20%        N/A       36%         3
 Summon Guardian Golem    Hex/Summ       20%        N/A       36%         3
 Orb of Destruction       Conj           10%        9d5       100%        7
 Spellforged Servitor     Conj/Summ      10%        N/A       100%        7


Dungeon Overview and Level Annotations

Branches:
Dungeon (7/15)             Temple (1/1) D:6

Altars:
Cheibriados
Elyvilon
Vehumet
Wu Jian
Xom
Zin

Shops:
D:4 ?   D:7 ?

Annotations:
D:5 Dowan, Duvessa, Ijyb
D:7 Harold


Innate Abilities, Weirdness & Mutations

You have very sharp teeth.
Your uncanny sense of smell can sniff out nearby items.
Your experience applies equally to all skills.


Message History

Harold is lightly wounded.
Harold hits you with a +0 glaive. You block Harold's attack.
You barely miss Harold.
Harold is lightly wounded.
Harold completely misses you.
You barely miss Harold.
Harold is lightly wounded.
Harold hits you with a +0 glaive!!
You slash Harold!
Harold's magic leaks into the air.
Harold is moderately wounded.
Harold hits you with a +0 glaive! You block Harold's attack.
You hit Harold but do no damage.
Harold is moderately wounded.
You block Harold's attack.
You slash Harold!
Harold's magic leaks into the air.
Harold is heavily wounded.
Harold hits you but does no damage.
You barely miss Harold.
Harold is heavily wounded.
Harold says, "Listen, it's nothing personal.
It's just a job."
You block Harold's attack. Harold hits you with a +0 glaive!!
* * * LOW HITPOINT WARNING * * *
You hit Harold.
Harold's magic leaks into the air.
Harold is heavily wounded.
Harold closely misses you.
You feel much better. Harold hits you with a +0 glaive!!
* * * LOW HITPOINT WARNING * * *
You barely miss Harold.
Harold is heavily wounded.
Harold misses you.
You hit Harold but do no damage.
Harold is heavily wounded.
Harold barely misses you.
You barely miss Harold. Your bite misses Harold.
Harold is heavily wounded.
Harold hits you with a +0 glaive!!
* * * LOW HITPOINT WARNING * * *
Harold says, "I was hoping my final job would be more of a challenge, but money is money."
Harold hits you with a +0 glaive!
You die...

###########
#......?...
#..........
#..........
#..@.......
####..@.......
#..(..........
#.##..(.......
#.############
########.###
#..........#
#..........#
#..........#
#..........#######


You could see Harold.

Vanquished Creatures
  Maggie (D:6)
  A troll (D:6)
  Prince Ribbit (D:7)
  Eustachio (D:4)
  A water moccasin (D:7)
  A sky beast (D:7)
  An ice beast (D:6)
  2 ogres (D:6)
  A necrophage (D:6)
  2 phantoms
  A centaur (D:4)
  Blork the orc (D:4)
  A bullfrog (D:4)
  2 jellies
  A howler monkey (D:6)
  2 hounds (D:4)
  2 orc priests
  A gnoll shaman (D:5)
  3 bullfrog skeletons (D:6)
  2 centaur skeletons
  Jessica (D:2)
  An iguana (D:6)
  Terence (D:2)
  9 orc wizards
  A howler monkey zombie (D:4)
  Robin (D:2)
  3 gnolls (D:5)
  8 adders
  An ufetubus (D:4)
  4 worms
  A dart slug (D:3)
  9 orcs
  10 endoplasms
  3 giant cockroaches
  17 goblins
  11 hobgoblins
  6 jackals
  8 kobolds
  2 quokkas
  9 ball pythons
  4 bats
  2 frilled lizards
  9 rats
149 creatures vanquished.

Vanquished Creatures (others)
  A plant (D:5)
1 creature vanquished.

Grand Total: 150 creatures vanquished

Notes
Turn   | Place    | Note
-------+----------+-------------------------------------------
     0 | D:1      | Reached skill level 10 in Fighting
     0 | D:1      | rabbitsville the Gnoll Wanderer began the quest for the
                  | Orb.
     0 | D:1      | rabbitsville set off with the following items: a +0 hand
                  | crossbow, a scroll of teleportation, a +2 scale mail, 33
                  | bolts, a +0 dagger
     0 | D:1      | Reached XP level 1. HP: 28/28 MP: 1/1
    55 | D:1      | Reached XP level 2. HP: 30/36 MP: 2/2
   419 | D:1      | Found a faded altar of an unknown god.
   441 | D:1      | Became a worshipper of Zin the Law-Giver
   441 | D:1      | Reached * piety under Zin
   442 | D:1      | Donated 29 gold pieces to Zin
   684 | D:1      | Upgraded the game from 0.28-a0-245-g639a1a48b9 to
                  | 0.28-a0-247-gb8bfbab023
   693 | D:1      | Reached XP level 3. HP: 42/42 MP: 3/3
   796 | D:2      | Found a snail-covered altar of Cheibriados.
   940 | D:2      | Reached skill level 1 in Invocations
  1104 | D:2      | Noticed Robin
  1115 | D:2      | Reached skill level 1 in Short Blades
  1115 | D:2      | Reached skill level 1 in Long Blades
  1115 | D:2      | Reached skill level 1 in Axes
  1115 | D:2      | Reached skill level 1 in Maces & Flails
  1115 | D:2      | Reached skill level 1 in Polearms
  1115 | D:2      | Reached skill level 1 in Staves
  1115 | D:2      | Reached skill level 1 in Slings
  1115 | D:2      | Reached skill level 1 in Bows
  1115 | D:2      | Reached skill level 1 in Throwing
  1115 | D:2      | Reached skill level 1 in Dodging
  1115 | D:2      | Reached skill level 1 in Shields
  1115 | D:2      | Reached skill level 1 in Unarmed Combat
  1115 | D:2      | Reached skill level 1 in Spellcasting
  1115 | D:2      | Reached skill level 1 in Evocations
  1123 | D:2      | Reached XP level 4. HP: 43/48 MP: 5/5
  1124 | D:2      | Killed Robin
  1202 | D:2      | Reached ** piety under Zin
  1268 | D:2      | Noticed Jessica
  1291 | D:2      | Killed Jessica
  1292 | D:2      | Reached skill level 1 in Conjurations
  1292 | D:2      | Reached skill level 1 in Hexes
  1292 | D:2      | Reached skill level 1 in Summonings
  1292 | D:2      | Reached skill level 1 in Necromancy
  1292 | D:2      | Reached skill level 1 in Translocations
  1292 | D:2      | Reached skill level 1 in Transmutations
  1292 | D:2      | Reached skill level 1 in Fire Magic
  1292 | D:2      | Reached skill level 1 in Ice Magic
  1292 | D:2      | Reached skill level 1 in Air Magic
  1292 | D:2      | Reached skill level 1 in Earth Magic
  1292 | D:2      | Reached skill level 1 in Poison Magic
  1362 | D:2      | Noticed Terence
  1368 | D:2      | Killed Terence
  1369 | D:2      | Reached XP level 5. HP: 54/54 MP: 5/7
  1941 | D:3      | Reached XP level 6. HP: 46/61 MP: 8/8
  2510 | D:4      | Found Soser's Magic Scroll Shop.
  2520 | D:4      | Bought a scroll of identify for 26 gold pieces
  2520 | D:4      | Bought a scroll of identify for 26 gold pieces
  2579 | D:4      | Reached *** piety under Zin
  2609 | D:4      | Reached skill level 5 in Armour
  2909 | D:4      | Noticed Blork the orc
  2922 | D:4      | Killed Blork the orc
  2923 | D:4      | Reached XP level 7. HP: 54/67 MP: 10/10
  3057 | D:4      | Noticed Eustachio
  3080 | D:4      | Killed Eustachio
  3338 | D:4      | Reached skill level 5 in Stealth
  3668 | D:5      | Entered Level 5 of the Dungeon
  3976 | D:5      | Reached XP level 8. HP: 57/74 MP: 12/12
  4194 | D:5      | Identified the +0 pair of gloves "Lifa" {rF+}
  4430 | D:5      | Noticed Duvessa
  4437 | D:5      | Noticed Dowan
  4439 | D:5      | Noticed Ijyb
  4685 | D:6      | Reached **** piety under Zin
  4766 | D:6      | Found a radiant altar of Vehumet.
  4878 | D:6      | Noticed Maggie
  4912 | D:6      | Killed Maggie
  5380 | D:6      | Reached skill level 11 in Fighting
  5380 | D:6      | Reached XP level 9. HP: 59/81 MP: 4/14
  5524 | D:6      | Noticed a troll
  5548 | D:6      | Killed a troll
  5767 | D:6      | Found a staircase to the Ecumenical Temple.
  5779 | Temple   | Entered the Ecumenical Temple
  5821 | Temple   | Fell from the grace of Zin
  5821 | Temple   | Became a worshipper of the Wu Jian Council
  6250 | D:7      | Reached skill level 5 in Crossbows
  6428 | D:7      | Found Pebyf's Magic Scroll Emporium.
  6434 | D:7      | Bought a scroll of fog for 22 gold pieces
  6740 | D:7      | Noticed Prince Ribbit
  6755 | D:7      | Killed Prince Ribbit
  6918 | D:7      | Noticed Harold
  6945 | D:7      | HP: 2/81 [Harold (18)]
  6945 | D:7      | Mangled by Harold

Illustrated notes

Levels and vault maps discovered:
D:1:      lightli_arrival_quake, layout_rooms,
          hellmonk_ecumenical_altar_crossroads, chequers_avenue,
          hangedman_decor_riveting
D:2:      layout_rooms, basic_altar, uniq_terence, uniq_jessica, uniq_robin
D:3:      layout_loops_ring, minmay_circle_x
D:4:      kennysheep_six_static_rooms, layout_loops_cross, serial_shops, shop,
          uniq_eustachio, uniq_blork_the_orc
D:5:      layout_cave_pods, mainiacjoe_overflow_alcove_4, serial_bayou_lake_a,
          uniq_duvessa, uniq_ijyb
D:6:      layout_loops_ring, mainiacjoe_overflow_brackets,
          lemuel_temple_firewalk_b, minmay_misc_feat_doors, uniq_maggie
D:7:      layout_basic, serial_shops, nicolae_shop_trees, uniq_harold,
          uniq_prince_ribbit1
Temple:   regret_index_temple_generic_petals

Skill      XL: |  1  2  3  4  5  6  7  8  9 |
---------------+----------------------------+-----
Fighting       | 11 | 11.2
Invocations    | 1 2 3 4 |  4.9
Short Blades   | 1 2 3 4 |  4.4
Long Blades    | 1 2 3 4 |  4.4
Axes           | 1 2 3 4 |  4.4
Maces & Flails | 1 2 3 4 |  4.4
Polearms       | 1 2 3 4 |  4.4
Staves         | 1 2 3 4 |  4.4
Slings         | 1 2 3 4 |  4.4
Bows           | 1 2 3 4 |  4.4
Throwing       | 1 2 3 4 |  4.4
Dodging        | 1 2 3 4 |  4.4
Shields        | 1 2 3 4 |  4.4
Unarmed Combat | 1 2 3 4 |  4.4
Spellcasting   | 1 2 3 4 |  4.4
Evocations     | 1 2 3 4 |  4.4
Conjurations   | 1 2 3 |  3.6
Hexes          | 1 2 3 |  3.6
Summonings     | 1 2 3 |  3.6
Necromancy     | 1 2 3 |  3.6
Translocations | 1 2 3 |  3.6
Transmutations | 1 2 3 |  3.6
Fire Magic     | 1 2 3 |  3.6
Ice Magic      | 1 2 3 |  3.6
Air Magic      | 1 2 3 |  3.6
Earth Magic    | 1 2 3 |  3.6
Poison Magic   | 1 2 3 |  3.6
Crossbows      | 3 4 5 |  5.2
Armour         | 5 6 |  6.4
Stealth        | 5 6 |  6.2

Action                   |  1- 3 |  4- 6 |  7- 9 || total
-------------------------+-------+-------+-------++-------
Melee: Dagger            |    23 |    22 |       ||    45
       Bite              |     4 |     8 |    18 ||    30
       Short sword       |       |    91 |   176 ||   267
       Unarmed           |       |     2 |       ||     2
       War axe           |       |       |    77 ||    77
 Fire: Hand crossbow     |    79 |    65 |    68 ||   212
Throw: Javelin           |     1 |     2 |     4 ||     7
Invok: Donate Gold       |     1 |       |       ||     1
       Lunge             |       |       |     1 ||     1
  Use: Scroll            |       |     3 |     6 ||     9
       Potion            |       |       |     5 ||     5
Armor: Scale mail        |    28 |    81 |   138 ||   247
Dodge: Dodged            |    28 |    46 |   100 ||   174
Block: Buckler           |       |    22 |    61 ||    83

Table legend: (Time is in decaauts)
 A = Elapsed time spent in this place.
 B = Non-inter-level travel time spent in this place.
 C = Inter-level travel time spent in this place.
 D = Time resting spent in this place.
 E = Time spent auto-exploring this place.
 F = Levels seen in this place.
 G = Mean time per level.
                   A        B        C        D        E       F      G
               +--------+--------+--------+--------+--------+-----+--------+
         Total |   7028 |   6743 |    285 |   1003 |   1979 |   8 |  878.5 |
       Dungeon |   6951 |   6666 |    285 |   1003 |   1959 |   7 |  993.0 |
        Temple |     77 |     77 |      0 |      0 |     20 |   1 |   77.0 |
               +--------+--------+--------+--------+--------+-----+--------+

Top non-repeatable levels by time:
     D:6: 1427 daAuts
     D:4: 1404 daAuts
     D:3: 931 daAuts
     D:5: 878 daAuts
     D:1: 814 daAuts
     D:7: 773 daAuts
     D:2: 720 daAuts
  Temple: 77 daAuts
